 Dungeon Crawl Stone Soup version 0.20-a0-656-g9b0dcd9 (webtiles) character file.

184 Messajah the Archer (level 5, -3/41 HPs)
             Began as a Centaur Hunter on Feb 16, 2017.
             Was a Follower of Okawaru.
             Slain by Chiseanne's ghost (8 damage)
             ... on level 3 of the Dungeon.
             The game lasted 00:09:23 (3527 turns).

Messajah the Archer (Centaur Hunter)                Turns: 3527, Time: 00:09:24

Health: -3/41      AC:  4    Str: 16    XL:     5   Next: 36%
Magic:  4/5        EV:  9    Int: 10    God:    Okawaru [*.....]
Gold:   84         SH:  0    Dex: 12    Spells: 4/4 levels left

rFire    . . .     SeeInvis .   a - +1 shortbow
rCold    . . .     Gourm    .   c - +0 leather armour
rNeg     . . .     Faith    .   (shield currently unavailable)
rPois    .         Spirit   .   (no helmet)
rElec    .         Reflect  .   (no cloak)
rCorr    .         Harm     .   (no gloves)
MR       .....                  (no barding)
Stlth    ++........             (no amulet)
Regen    0.2/turn               r - +3 ring of dexterity
MPRegen  0.1/turn               t - ring of stealth

@: very quick
A: hooves 3, deformed body, speed 2, tough skin 3
a: Heroism, Renounce Religion


You were on level 3 of the Dungeon.
You worshipped Okawaru.
Okawaru was aware of your devotion.
You were hungry.

You visited 1 branch of the dungeon, and saw 3 of its levels.

You collected 84 gold pieces.

Inventory:

Hand Weapons
 a - a +1 shortbow (weapon)
 b - a +0 spear
 i - a +0 short sword
 u - a +0 blowgun
Missiles
 d - 54 arrows (quivered)
 e - 58 stones
 g - 8 tomahawks
 s - 4 poisoned needles
Armour
 c - a +0 leather armour (worn)
Jewellery
 q - an uncursed ring of wizardry
 r - a +3 ring of dexterity (right hand)
 t - a ring of stealth (left hand)
Scrolls
 h - a scroll of amnesia {unknown}
 j - 3 scrolls of identify {unknown}
 k - a scroll of blinking {unknown}
 o - a scroll of enchant weapon {unknown}
 v - 2 scrolls of teleportation {unknown}
Potions
 l - a potion of resistance {unknown}
 m - a potion of flight {unknown}
 p - a potion of heal wounds {unknown}
Comestibles
 f - 6 bread rations
 n - 2 meat rations


   Skills:
 - Level 2.0 Fighting
 + Level 8.9 Bows
 - Level 1.3 Dodging
 - Level 0.4 Stealth


You had 4 spell levels left.
You didn't know any spells.

Dungeon Overview and Level Annotations

Branches:
Dungeon (3/15)

Altars:
Okawaru

Annotations:
D:3 Chiseanne's ghost, amateur SpGl


Innate Abilities, Weirdness & Mutations

You have hooves in place of feet.
Armour fits poorly on your strangely shaped body.
You cover ground very quickly.
You have extremely tough skin. (AC +3)


Message History

Press: ? - help, Shift-Dir - straight line, f/p - Chiseanne's ghost
Aim: Chiseanne's ghost (moderately damaged)
You shoot an arrow.
The arrow closely misses Chiseanne's ghost.
Chiseanne's ghost barely misses you.
Firing (i - inventory. (,) - cycle):
d - 55 arrows (quivered)
Press: ? - help, Shift-Dir - straight line, f/p - Chiseanne's ghost
Aim: Chiseanne's ghost (moderately damaged)
You shoot an arrow. The arrow misses Chiseanne's ghost.
Chiseanne's ghost hits you.
* * * LOW HITPOINT WARNING * * *
Chiseanne's ghost barely misses you.
You feel like a meek peon again.
Things that are here:
a leather armour; a club; an orc skeleton Chiseanne's ghost hits you.
* * * LOW HITPOINT WARNING * * *
There is a stone staircase leading up here.
Chiseanne's ghost hits you!
You die...

##........ #.....(..#########
# #.##(.##..#......##.#
#.#8(.8##.........#.#
#..(>..............#
#..................#
##8..8##...........#
##..###...........#
#.....#.@.........##
#.....##W.......#..# .
#........)......#..# ..
#.....#.[).........# ...
##.....#............###...
##......#............<.....
####.......#..................
#..((..#####..................
#......# ###........#...<....


You could see Chiseanne's ghost.

Vanquished Creatures
  A phantom (D:3)
  2 adders (D:2)
  4 worms
  2 dart slugs
  2 leopard geckos
  An orc (D:3)
  4 bats
  A giant cockroach (D:2)
  6 goblins
  6 hobgoblins
  4 jackals (D:2)
  6 kobolds
  4 quokkas (D:2)
  2 frilled lizards
  6 rats
51 creatures vanquished.

Notes
Turn   | Place    | Note
-------+----------+-------------------------------------------
     0 | D:1      | Messajah the Centaur Hunter began the quest for the Orb.
     0 | D:1      | Reached XP level 1. HP: 17/17 MP: 1/1
     9 | D:1      | Noticed a bullfrog
   604 | D:1      | Reached XP level 2. HP: 16/24 MP: 2/2
   734 | D:1      | Reached skill level 6 in Bows
  1570 | D:2      | Found an iron altar of Okawaru.
  1582 | D:2      | Became a worshipper of Warmaster Okawaru
  1647 | D:2      | Reached XP level 3. HP: 25/29 MP: 3/3
  2169 | D:2      | Reached skill level 7 in Bows
  2634 | D:2      | Reached XP level 4. HP: 29/36 MP: 4/4
  3160 | D:3      | Noticed a phantom
  3370 | D:3      | Killed a phantom
  3370 | D:3      | Reached * piety under Okawaru
  3370 | D:3      | Reached skill level 8 in Bows
  3370 | D:3      | Reached XP level 5. HP: 40/41 MP: 5/5
  3398 | D:3      | Noticed Chiseanne's ghost (amateur SpGl)
  3527 | D:3      | Slain by Chiseanne's ghost

Vault maps used:
D:1:      evilmike_arrival_come_back
D:2:      first_bread, kennysheep_small_spiral, okawaru_ov_weapons_minmay
D:3:      minmay_wonky_spiral, st_stairs_6, minivault_19, saegor_snake_ambush

Skill      XL: |  1  2  3  4 |
---------------+-------------+-----
Bows           | 6 7 8 |  8.9
Fighting       | |  2.0
Dodging        | |  1.3
Stealth        | |  0.4

Action                   |  1- 3 |  4- 6 || total
-------------------------+-------+-------++-------
Melee: Short sword       |    14 |       ||    14
       Spear             |   161 |    15 ||   176
       Kick              |    28 |     1 ||    29
 Fire: Shortbow          |    24 |    54 ||    78
Invok: Heroism           |       |     1 ||     1
  Eat: Chunk             |     4 |     2 ||     6
Armor: Leather armour    |    64 |    12 ||    76
Dodge: Dodged            |    76 |    12 ||    88
